 Dungeon Crawl Stone Soup version 0.29-a0-477-g62b78b4225 (webtiles) character file.

Game seed: 5746353805834258776

333 Infinimo the Skirmisher (level 6, -2/66 HPs)
             Began as an Ogre Gladiator on May 25, 2022.
             Killed from afar by a white imp (7 damage)
             ... with a puff of frost
             ... on level 7 of the Dungeon.
             The game lasted 00:03:26 (3476 turns).

Infinimo the Skirmisher (Ogre Gladiator)            Turns: 3476, Time: 00:03:27

Health: -2/66      AC:  3    Str: 19    XL:     6   Next: 53%
Magic:  6/6        EV: 10    Int: 11    God:
Gold:   147        SH:  0    Dex: 10    Spells: 5/5 levels left

rFire   . . .      SeeInvis .   a - +1 flail
rCold   . . .      Faith    .   (no shield)
rNeg    . . .      Spirit   .   b - +0 robe
rPois   .          Reflect  .   c - +0 hat
rElec   .          Harm     .   (no cloak)
rCorr   .          Rampage  .   (gloves unavailable)
Will    .....                   (boots unavailable)
Stlth   +.........              (no amulet)
HPRegen 0.21/turn               (no ring)
MPRegen 0.10/turn               (no ring)

@: mighty
A: large, unfitting armour, tough skin 1
a: no special abilities


You were on level 7 of the Dungeon.
You visited 1 branch of the dungeon, and saw 5 of its levels.

You collected 147 gold pieces.

Inventory:

Hand Weapons
 a - a +1 flail (weapon)
Missiles
 d - 3 throwing nets (quivered)
 e - a large rock
Armour
 b - a +0 robe (worn)
 c - a +0 hat (worn)
Jewellery
 o - an amulet of guardian spirit
Wands
 r - a wand of acid (8)
Scrolls
 g - a scroll of teleportation
 i - 2 scrolls of enchant weapon
 j - a scroll of vulnerability
Potions
 f - 2 potions of degeneration
 h - a potion of mutation {unknown}
 k - a potion of ambrosia {unknown}
 q - 3 potions of curing
 s - a potion of heal wounds {unknown}


   Skills:
 + Level 5.5 Fighting
 * Level 5.5 Maces & Flails
 - Level 2.0 Throwing
 - Level 2.6 Dodging


You had 5 spell levels left.
You didn't know any spells.
Your spell library was empty.

Dungeon Overview and Level Annotations

Branches:
Dungeon (4/15)             Temple (0/1) D:4

Altars:

Shops:
D:2 (


Innate Abilities, Weirdness & Mutations

You are too large for most types of armour.
You have tough skin. (AC +1)


Message History

Okay, then.
A white imp and a hound come into view.
The white imp shouts, "Turn tail, thou odious roguish scut!"
The sky beast flickers out of sight!
Deactivating autopickup; reactivate with Ctrl-A.
You start waiting.
A white imp is nearby!
Something completely misses you. The white imp gestures at you.
The puff of frost hits you!
You feel very mighty all of a sudden. Something hits you. Something shocks you.
The white imp gestures at you.
The puff of frost hits something.
A sky beast appears from thin air!
Reactivating autopickup.
The sky beast hits you. The sky beast shocks you.
The sky beast is lightly wounded.
The white imp spits at you.
You bludgeon the sky beast!!
The sky beast is almost dead.
The sky beast is almost dead.
The sky beast hits you. The sky beast shocks you.
The sky beast is almost dead.
The sky beast hits you. The sky beast shocks you.
You kill the sky beast!
The white imp hits you. The white imp freezes you.
* * * LOW HITPOINT WARNING * * *
The white imp gestures at you. The puff of frost hits you.
* * * LOW HITPOINT WARNING * * *
The white imp is lightly wounded.
You sock the white imp!
The white imp is almost dead.
The white imp gestures at you. The puff of frost hits you!
* * * LOW HITPOINT WARNING * * *
The white imp is almost dead.
The white imp gestures at you. The puff of frost hits you!
You die...

#..
#.....^..
###.###.#
#.......#
#.##.#5##
#.###.##
#.# #.#
#.###.#
#..5..#
#.@####
#....######
##..?.....#
###.####.#
#.# #.# #.#
#.# #.#


You could see a white imp.

Vanquished Creatures
  A sky beast (D:7)
  A necrophage (D:3)
  A hound (D:4)
  An orc priest (D:4)
  An iguana (D:7)
  6 adders
  A dart slug (D:2)
  2 orcs
  4 bats
  3 endoplasms
  2 giant cockroaches (D:2)
  4 goblins
  4 hobgoblins
  2 jackals (D:2)
  7 kobolds
  2 quokkas
  9 ball pythons
  6 frilled lizards
  9 rats
66 creatures vanquished.

Notes
Turn   | Place    | Note
-------+----------+-------------------------------------------
     0 | D:1      | Infinimo the Ogre Gladiator began the quest for the Orb.
     0 | D:1      | Reached XP level 1. HP: 22/22 MP: 1/1
   346 | D:1      | Reached XP level 2. HP: 29/31 MP: 2/2
  1194 | D:2      | Reached XP level 3. HP: 16/37 MP: 3/3
  1552 | D:2      | Reached XP level 4. HP: 45/48 MP: 4/4
  1961 | D:2      | Found a faded altar of an unknown god.
  2012 | D:2      | Found Saotz's Weapon Shop.
  2396 | D:3      | Noticed a necrophage
  2543 | D:3      | Killed a necrophage
  2544 | D:3      | Reached XP level 5. HP: 49/55 MP: 5/5
  2920 | D:4      | Found a staircase to the Ecumenical Temple.
  3120 | D:4      | Reached skill level 5 in Fighting
  3120 | D:4      | Reached skill level 5 in Maces & Flails
  3120 | D:4      | Reached XP level 6. HP: 24/66 MP: 6/6
  3349 | D:4      | You fall into a shaft and drop 3 floors!
  3447 | D:7      | Noticed a sky beast
  3470 | D:7      | Killed a sky beast
  3476 | D:7      | Killed from afar by a white imp

Illustrated notes

Levels and vault maps discovered:
D:1:      dpeg_arrival_ternary, layout_basic, minmay_misc_feat_rows,
          minmay_misc_feat_nine_boxes, minmay_misc_feat_secret_circle,
          minmay_statues_item
D:2:      layout_basic, ebering_ecumenical_altar_abandoned, serial_shops,
          nicolae_shop_hallway_plus
D:3:      layout_rooms
D:4:      layout_cave_pools, minmay_temple_entry_statues, uniq_eustachio
D:7:      layout_loops_ring, minivault_11, uniq_joseph

Skill      XL: |  1  2  3  4  5 |
---------------+----------------+-----
Fighting       | 3 4 5 |  5.5
Maces & Flails | 3 4 5 |  5.5
Throwing       | |  2.0
Dodging        | |  2.6

Action                   |  1- 3 |  4- 6 || total
-------------------------+-------+-------++-------
Melee: Flail             |    97 |   109 ||   206
       Punch             |     1 |       ||     1
  Use: Scroll            |       |     9 ||     9
       Potion            |       |     2 ||     2
Armor: Robe              |    46 |    32 ||    78
Dodge: Dodged            |    85 |    69 ||   154

Table legend: (Time is in decaauts)
 A = Elapsed time spent in this place.
 B = Non-inter-level travel time spent in this place.
 C = Inter-level travel time spent in this place.
 D = Time resting spent in this place.
 E = Time spent auto-exploring this place.
 F = Levels seen in this place.
 G = Mean time per level.
                   A        B        C        D        E       F      G
               +--------+--------+--------+--------+--------+-----+--------+
         Total |   3519 |   3435 |     84 |    247 |   2625 |   5 |  703.8 |
       Dungeon |   3519 |   3435 |     84 |    247 |   2625 |   5 |  703.8 |
               +--------+--------+--------+--------+--------+-----+--------+

Top non-repeatable levels by time:
     D:1: 1180 daAuts
     D:2: 1124 daAuts
     D:3: 829 daAuts
     D:4: 255 daAuts
     D:7: 129 daAuts
